 Dungeon Crawl Stone Soup version 0.19-a0 (webtiles) character file.

23 MovingMist the Skirmisher (level 2, 0/19 HPs)
             Began as a Gargoyle Fighter on Apr 27, 2016.
             Killed from afar by Natasha (6 damage)
             ... with a magic dart
             ... on level 2 of the Dungeon.
             The game lasted 00:01:46 (606 turns).

MovingMist the Skirmisher (Gargoyle Fighter)         Turns: 606, Time: 00:01:46

Health: 0/19       AC: 15    Str: 19    XL:     2   Next: 95%
Magic:  2/2        EV:  3    Int:  8    God:
Gold:   50         SH:  9    Dex:  9    Spells: 0 memorised, 1 level left

rFire  . . .     SeeInvis .     a - +0 flail
rCold  . . .     Gourm    .     n - +0 plate armour
rNeg   + . .     Faith    .     c - +0 shield
rPois  ∞         Spirit   .     e - +0 helmet
rElec  +         Dismiss  .     (no cloak)
rCorr  .         Reflect  .     (no gloves)
SustAt .         Harm     .     (no boots)
MR     .....                    (no amulet)
Stlth  ..........               (no ring)
                                (no ring)

@: not resistant to hostile enchantments, extremely unstealthy
A: negative energy resistance 1, electricity resistance, unbreathing,
petrification resistance, rot immunity, AC +2
a: no special abilities


You were on level 2 of the Dungeon.
You were not hungry.

You visited 1 branch of the dungeon, and saw 2 of its levels.

You collected 50 gold pieces.

Inventory:

Hand Weapons
 a - a +0 flail (weapon)
Armour
 c - a +0 shield (worn)
 e - a +0 helmet (worn)
 n - a +0 plate armour (worn)
Potions
 d - a potion of might
 g - 4 potions of flight {unknown}
 h - a potion of beneficial mutation {unknown}
 l - a potion of invisibility {unknown}
 m - a potion of magic {unknown}
Comestibles
 b - 5 chunks of flesh
 f - 2 bread rations
 i - 5 fruits
 j - a slice of pizza
 o - 2 meat rations


   Skills:
 + Level 3.6 Fighting
 + Level 2.2 Maces & Flails
 - Level 3.2 Armour
 * Level 1.2 Dodging
 + Level 3.4 Shields


You had one spell level left.
You didn't know any spells.

Dungeon Overview and Level Annotations

Branches:
Dungeon (2/15)

Altars:

Annotations:
D:2 Natasha


Innate Abilities, Weirdness & Mutations

You are resistant to torment.
Your stone body is resilient (AC +2).
You are immune to poison.
You resist negative energy.
You are resistant to electric shocks.
You can survive without breathing.
You are immune to petrification.
You are immune to rotting.


Message History

Natasha is lightly wounded.
The shadow imp gestures at you. Pain shoots through your body!
Natasha barely misses you.
Your shield and plate armour prevent you from hitting Natasha.
Natasha is lightly wounded.
You block the shadow imp's attack. You block Natasha's attack.
The shadow imp hits you.
Your shield and plate armour prevent you from hitting Natasha.
Natasha is lightly wounded.
Natasha casts a spell.
You block the shadow imp's attack. Natasha claws you but does no damage.
You hit Natasha but do no damage.
Natasha is lightly wounded.
You block the shadow imp's attack. Natasha barely misses you.
You closely miss Natasha.
Natasha is lightly wounded.
The shadow imp hits you.
Natasha stares at you and mumbles some strange words.
The magic dart hits you!
You die...

### #.### #...
########.##########
#...5h@5.#.........
#.#####(.#.########
#...........#
#....######.#
#.....### #.#
#..#..#.# #.# #.
.........###.####.
#................#.
#...#.#..#.###.##.#.


You could see Natasha and 2 shadow imps.

Vanquished Creatures
  An adder (D:2)
  A dart slug (D:1)
  A goblin (D:1)
  3 hobgoblins
  4 kobolds
  A bat (D:2)
11 creatures vanquished.

Notes
Turn   | Place    | Note
--------------------------------------------------------------
     0 | D:1      | MovingMist the Gargoyle Fighter began the quest for the Orb.
     0 | D:1      | Reached XP level 1. HP: 14/14 MP: 1/1
   204 | D:1      | Reached XP level 2. HP: 18/19 MP: 2/2
   532 | D:2      | Reached skill level 1 in Dodging
   595 | D:2      | Noticed Natasha
   606 | D:2      | Killed from afar by Natasha

Vault maps used:
D:1:      elethiomel_arrival_quiet, st_stairs_7
D:2:      minmay_door_path, tso_oasis_becter, okawaru_gym_becter,
          lemuel_round_altar, uniq_natasha

Skill      XL: |  1  2 |
---------------+-------+-----
Dodging        | 1 |  1.2
Fighting       | |  3.6
Maces & Flails | |  2.2
Armour         | |  3.2
Shields        | |  3.4

Action                   || total
-------------------------++-------
Melee: Flail             ||    73
  Use: Scroll            ||     1
Armor: Scale mail        ||    14
       Plate armour      ||    37
Dodge: Dodged            ||    15
Block: Shield            ||    43
